 Dungeon Crawl Stone Soup version 0.21.1-1-g345015f (webtiles) character file.

175 Filip the Digger (level 5, -3/39 HPs)
             Began as a Draconian Earth Elementalist on Feb 16, 2018.
             Killed from afar by an orc wizard (11 damage)
             ... with a magic dart
             ... on level 4 of the Dungeon.
             The game lasted 00:15:26 (2467 turns).

Filip the Digger (Draconian Earth Elementalist)     Turns: 2467, Time: 00:15:28

Health: -3/39      AC:  7    Str: 10    XL:     5   Next: 29%
Magic:  9/9        EV: 12    Int: 17    God:
Gold:   85         SH:  0    Dex: 11    Spells: 4/10 levels left

rFire    . . .     SeeInvis .   q - +0 falchion
rCold    . . .     Gourm    .   (no shield)
rNeg     . . .     Faith    .   (armour unavailable)
rPois    .         Spirit   .   (helmet restricted)
rElec    .         Reflect  .   o - +0 cloak
rCorr    .         Harm     .   t - +0 pair of gloves
MR       +....                  (no boots)
Stlth    ++........             (no amulet)
HPRegen  0.13/turn              p - ring of protection from magic
MPRegen  0.11/turn              (no ring)

@: no status effects
A: unfitting armour, cold-blooded, AC +5
a: no special abilities


You were on level 4 of the Dungeon.
You were not hungry.

You visited 1 branch of the dungeon, and saw 4 of its levels.

You collected 85 gold pieces.

Inventory:

Hand Weapons
 f - a +0 dagger
 q - a +0 falchion (weapon)
Missiles
 b - 93 stones (quivered)
 m - 14 sling bullets
 s - 39 arrows
Armour
 o - a +0 cloak (worn)
 t - a +0 pair of gloves (worn)
Jewellery
 p - a ring of protection from magic (left hand)
Scrolls
 a - 4 scrolls of teleportation {unknown}
 e - a scroll of noise {unknown}
 g - a scroll of fog {unknown}
 i - a scroll of remove curse
 j - a scroll of magic mapping {unknown}
 k - a scroll of fear {unknown}
 r - 4 scrolls of identify {unknown}
 u - a scroll of amnesia {unknown}
Potions
 h - 2 potions of might {unknown}
 l - a potion of cancellation {unknown}
 n - a potion of flight {unknown}
 v - a potion of lignification {unknown}
Books
 d - a book of Geomancy

   Spells                             Type                      Level
   a - Sandblast                      Earth                        1
   b - Passwall                       Transmutation/Earth          2
   c - Stone Arrow                    Conjuration/Earth            3
   d - Petrify                        Transmutation/Earth          4
   e - Lee's Rapid Deconstruction     Earth                        5
Comestibles
 c - 3 rations


   Skills:
 + Level 0.5 Fighting
 + Level 1.3 Short Blades
 + Level 0.3(1.0) Long Blades
 + Level 2.5 Dodging
 + Level 2.2 Stealth
 + Level 3.2 Spellcasting
 + Level 1.0 Transmutations
 + Level 4.1 Earth Magic


You had 4 spell levels left.
You knew the following spells:

 Your Spells              Type           Power        Failure   Level  Hunger
a - Sandblast             Erth           ###...       3%          1    None
b - Stone Arrow           Conj/Erth      #.....       22%         3    ###....
c - Passwall              Tmut/Erth      ##........   9%          2    ##.....


Dungeon Overview and Level Annotations

Branches:
Dungeon (4/15)
 Temple: D:4-7

Altars:


Innate Abilities, Weirdness & Mutations

Your plain brown scales are hard. (AC +5)
You cannot fit into any form of body armour.
You are cold-blooded and may be slowed by cold attacks.


Message History

Beogh smites you!
* * * LOW HITPOINT WARNING * * *
The orc priest looks braver for a moment.
The frilled lizard hisses.
The frilled lizard unfolds its giant frill.
The frilled lizard bites you but does no damage.
There is a stone staircase leading down here.
The frilled lizard completely misses you.
You riposte.
You hit the frilled lizard.
You kill the frilled lizard!
You climb downwards. 2 orcs and an orc wizard come into view.
The orc wizard shouts!
The orc shouts! x2; You hear a loud, deep croak!
There is a stone staircase leading up here.
Press: ? - help, v - describe, . - travel
Here: an orc wizard, wielding a dagger and wearing a robe The floor.
The orc wizard points at you and mumbles some strange words.
The magic dart hits you!
You die...

#+ #. #o# #
##.. .#
##..o ###..
#.... ...
####.o.##.#
.......<@.#
#####F#####
#


You could see a bullfrog and an orc wizard.

Vanquished Creatures
  An orc wizard (D:3)
  5 adders
  3 oozes
  3 worms
  A dart slug (D:1)
  A leopard gecko (D:3)
  7 orcs (D:3)
  7 bats
  4 giant cockroaches
  6 goblins
  9 hobgoblins
  2 jackals (D:3)
  10 kobolds
  2 quokkas
  A ball python (D:2)
  5 frilled lizards
  6 rats
73 creatures vanquished.

Notes
Turn   | Place    | Note
-------+----------+-------------------------------------------
     0 | D:1      | Filip the Draconian Earth Elementalist began the quest for the Orb.
     0 | D:1      | Reached XP level 1. HP: 14/14 MP: 3/3
   448 | D:1      | Reached XP level 2. HP: 15/20 MP: 1/5
  1112 | D:1      | Reached XP level 3. HP: 20/26 MP: 1/6
  1437 | D:2      | Reached XP level 4. HP: 33/33 MP: 2/8
  1806 | D:2      | Learned a level 3 spell: Stone Arrow
  1814 | D:2      | Learned a level 2 spell: Passwall
  1878 | D:3      | Reached skill level 1 in Short Blades
  1942 | D:3      | Reached skill level 4 in Earth Magic
  2146 | D:3      | Reached XP level 5. HP: 39/39 MP: 4/9
  2467 | D:4      | Killed from afar by an orc wizard

Skill      XL: |  1  2  3  4 |
---------------+-------------+-----
Dodging        | 2 |  2.5
Stealth        | 2 |  2.2
Spellcasting   | 3 |  3.2
Short Blades   | 1 |  1.3
Earth Magic    | 4 |  4.1
Fighting       | |  0.5
Long Blades    | |  0.3
Transmutations | |  1.0

Action                   |  1- 3 |  4- 6 || total
-------------------------+-------+-------++-------
Melee: Unarmed           |    23 |       ||    23
       Dagger            |    68 |    46 ||   114
       Tailslap          |     7 |    13 ||    20
       Falchion          |       |    39 ||    39
 Cast: Sandblast         |    32 |    37 ||    69
       Stone Arrow       |       |     1 ||     1
       Passwall          |       |     2 ||     2
  Use: Scroll            |       |     1 ||     1
 Stab: Sleeping          |     1 |     3 ||     4
  Eat: Chunk             |     2 |     1 ||     3
       Ration            |       |     1 ||     1
Armor: Skin              |    46 |    30 ||    76
Dodge: Dodged            |   100 |    50 ||   150
       Rpst.: Falchion   |       |    12 ||    12
